 Dungeon Crawl Stone Soup version 0.27.0-66-gdc8fb28755 (webtiles) character file.

Game seed: 9200311199785324365

21 ZARRMARR the Chiller (level 2, -4/19 HPs)
             Began as a Merfolk Ice Elementalist on Aug 20, 2021.
             Slain by Sigmund (13 damage)
             ... on level 2 of the Dungeon.
             The game lasted 00:04:14 (1211 turns).

ZARRMARR the Chiller (Merfolk Ice Elementalist)     Turns: 1211, Time: 00:04:14

Health: -4/19      AC:  2    Str: 14    XL:     2   Next: 87%
Magic:  5/5        EV: 12    Int: 14    God:
Gold:   28         SH:  0    Dex: 14    Spells: 4/5 levels left

rFire    . . .     SeeInvis .   (no weapon)
rCold    . . .     Faith    .   (no shield)
rNeg     . . .     Spirit   .   a - +0 robe
rPois    .         Reflect  .   (no helmet)
rElec    .         Harm     .   (no cloak)
rCorr    .         Rampage  .   (no gloves)
Will     .....                  (no boots)
Stlth    ++........             (no amulet)
HPRegen  0.06/turn              h - +6 ring of strength
MPRegen  0.09/turn              (no ring)

@: on berserk cooldown, slowed, very slow
A: (nimble swimmer 2), mertail
a: no special abilities


You were on level 2 of the Dungeon.
You visited 1 branch of the dungeon, and saw 2 of its levels.

You collected 28 gold pieces.

Inventory:

Armour
 a - a +0 robe (worn)
Jewellery
 h - a +6 ring of strength (left hand)
Scrolls
 d - a scroll of silence {unknown}
Potions
 c - a potion of invisibility {unknown}
 e - a potion of resistance {unknown}
 f - 2 potions of flight
 g - a potion of haste {unknown}


   Skills:
 + Level 2.7 Dodging
 + Level 2.5 Stealth
 + Level 2.3 Spellcasting
 + Level 4.9 Ice Magic


You had 4 spell levels left.
You knew the following spells:

 Your Spells              Type           Power      Damage    Failure   Level
a - Freeze                Ice            60%        1d8       3%          1

Your spell library contained the following spells:

 Spells                   Type           Power      Damage    Failure   Level
 Frozen Ramparts          Ice            30%        1d5       9%          3
 Ozocubu's Armour         Ice            15%        N/A       9%          3
 Hailstorm                Conj/Ice       8%         3d4       63%         4


Dungeon Overview and Level Annotations

Branches:
Dungeon (2/15)

Altars:

Annotations:
D:2 Sigmund


Innate Abilities, Weirdness & Mutations

((You are quick and stealthy near water. (Stealth+, EV+, Speed+++)))
Your lower body shifts to a powerful aquatic tail in water.


Message History

You climb downwards.
There is a stone staircase leading up here.
You climb upwards.
There is a stone staircase leading down here.
As you read the scroll labelled HUN RAIMAOD, it crumbles to dust.
It is a scroll of identify.
f - 2 potions of flight
As you read the scroll of identify, it crumbles to dust.
b - a potion of berserk rage You climb downwards.
There is a stone staircase leading up here.
Found a faded altar of an unknown god.
d - a scroll labelled EHIUREPHAV
h - a +6 ring of strength
Found a stone staircase leading up.
Sigmund the Dreaded comes into view.
He is wielding a +0 scythe.
Sigmund shouts!
You feel stronger.
h - a +6 ring of strength (left hand) Sigmund gestures at you while chanting.
You are confused.
Sigmund screams, "Only death can liberate you!"
Sigmund barely misses you.
A red film seems to cover your vision as you go berserk!
You feel yourself moving faster!
You feel mighty! Sigmund closely misses you.
You feel a strong urge to attack something.
Sigmund gestures wildly while chanting.
Sigmund flickers and vanishes!
Deactivating autopickup; reactivate with Ctrl-A.
You feel your anger nearly subside.
You are no longer berserk.
You are exhausted.
You feel yourself slow down.
Found a smoky orange potion.
You feel less confused. Something hits you. Something hits you!
Found a shiny buckler.
Something hits you!
Ouch! That really hurt!
You die...

#.##.##.#.####.###
#.........#.....
#.......###<# .# #
#.##.....##.##. ###!
#.....##... ...
#.....##..# ..# #
#.....##..####..##.#
.##.....##..........[#
.............@.##.##.#
###########.#........#
#.......#### ###.#####
#...# #...# #...#
#...# .....


There were no monsters in sight!

Vanquished Creatures
  2 ball pythons (D:1)
  4 endoplasms (D:1)
  3 goblins (D:1)
  2 hobgoblins (D:1)
  2 kobolds (D:1)
  A bat (D:1)
  A frilled lizard (D:1)
  3 rats (D:1)
18 creatures vanquished.

Notes
Turn   | Place    | Note
-------+----------+-------------------------------------------
     0 | D:1      | ZARRMARR the Merfolk Ice Elementalist began the quest for
                  | the Orb.
     0 | D:1      | Reached XP level 1. HP: 13/13 MP: 3/3
   185 | D:1      | Reached XP level 2. HP: 19/19 MP: 0/5
  1149 | D:2      | Found a faded altar of an unknown god.
  1201 | D:2      | Noticed Sigmund
  1211 | D:2      | Slain by Sigmund

Illustrated notes

Levels and vault maps discovered:
D:1:      evilmike_arrival_hilbert_curve, layout_loops_ring,
          kennysheep_small_spiral
D:2:      layout_loops_cross, hellmonk_ecumenical_altar_leap_of_faith,
          uniq_sigmund, uniq_natasha

Action                   || total
-------------------------++-------
 Cast: Freeze            ||    22
  Use: Scroll            ||     2
       Potion            ||     1
Armor: Robe              ||     2
Dodge: Dodged            ||     6
